 Dungeon Crawl Stone Soup version 0.28.0-56-g4927b6849a (webtiles) character file.

Game seed: 16438904100309533609

430 Rikuski the Chiller (level 6, -1/41 HPs)
             Began as a Merfolk Ice Elementalist on Feb 2, 2023.
             Was an Initiate of Yredelemnul.
             Killed from afar by an orc wizard (9 damage)
             ... with a puff of flame
             ... on level 5 of the Dungeon.
             The game lasted 00:23:57 (4835 turns).

Rikuski the Chiller (Merfolk Ice Elementalist)      Turns: 4835, Time: 00:24:02

Health: -1/41      AC:  2    Str:  8    XL:     6   Next: 99%
Magic:  27/30      EV: 13    Int: 16    God:    Yredelemnul [......]
Gold:   149        SH:  0    Dex: 15    Spells: 10/14 levels left

rFire   . . .      SeeInvis .   (no weapon)
rCold   . . .      Faith    .   (no shield)
rNeg    . . .      Spirit   .   a - +0 robe
rPois   .          Reflect  .   (no helmet)
rElec   .          Harm     .   (no cloak)
rCorr   .          Rampage  .   (no gloves)
Will    .....                   (no boots)
Stlth   ++........              (no amulet)
HPRegen 0.13/turn               f - ring of magical power
MPRegen 0.22/turn               i - ring of magical power

@: on berserk cooldown, slowed, very slow
A: (nimble swimmer 2), mertail
a: Renounce Religion, Recall Undead Harvest


You were on level 5 of the Dungeon.
You worshipped Yredelemnul.
Yredelemnul was noncommittal.
You visited 1 branch of the dungeon, and saw 5 of its levels.

You collected 149 gold pieces.

Inventory:

Armour
 a - a +0 robe (worn)
Jewellery
 f - a ring of magical power (left hand)
 i - a ring of magical power (right hand)
Wands
 o - a wand of flame (35)
Scrolls
 b - a scroll of fog {unknown}
 d - 4 scrolls of vulnerability {unknown}
 e - 5 scrolls of identify {unknown}
 h - a scroll of acquirement {unknown}
 j - a scroll of amnesia {unknown}
 m - a scroll of teleportation {unknown}
 n - a scroll of torment {unknown}
 r - 2 scrolls of fear {unknown}
Potions
 c - a potion of berserk rage
 g - a potion of curing
 k - a potion of degeneration {unknown}
 l - 2 potions of flight {unknown}
 p - a potion of attraction {unknown}
 q - a potion of might {unknown}
 s - a potion of heal wounds {unknown}
 t - 2 potions of brilliance {unknown}
 u - a potion of haste {unknown}


   Skills:
 + Level 3.7 Dodging
 - Level 2.2 Stealth
 + Level 4.6 Spellcasting
 + Level 6.9 Ice Magic


You had 10 spell levels left.
You knew the following spells:

 Your Spells              Type           Power      Damage    Failure   Level
a - Freeze                Ice            100%       1d11      1%          1
b - Frozen Ramparts       Ice            50%        1d7       2%          3

Your spell library contained the following spells:

 Spells                   Type           Power      Damage    Failure   Level
 Ozocubu's Armour         Ice            25%        N/A       2%          3
 Hailstorm                Conj/Ice       14%        3d5       36%         4
 Gell's Gravitas          Tloc           3%         N/A       43%         3
 Lesser Beckoning         Tloc           3%         N/A       43%         3
 Teleport Other           Tloc           3%         N/A       43%         3


Dungeon Overview and Level Annotations

Branches:
Dungeon (5/15)
 Temple: D:4-7

Altars:
Yredelemnul


Innate Abilities, Weirdness & Mutations

((You are very nimble when in or above water. (Stealth+, EV+, Speed+++)))
Your lower body shifts to a powerful aquatic tail in water.


Message History

The orc wizard is almost dead.
The orc wizard closely misses you. The orc misses you.
You're too confused to move!
The necrophage closely misses you.
The orc wizard hits you with a +0 dagger.
* * * LOW HITPOINT WARNING * * *
The orc closely misses you.
You feel a strong urge to attack something.
The necrophage hits you.
* * * LOW HITPOINT WARNING * * *
An orc comes into view. It is wielding a +0 short sword.
The orc wizard gestures at you while chanting.
You are more confused.
The orc hits you from afar with a +0 trident.
* * * LOW HITPOINT WARNING * * *
Unknown command.
You are too berserk!
You feel your anger nearly subside.
The orc wizard hits you with a +0 dagger.
* * * LOW HITPOINT WARNING * * *
An orc comes into view. It is wielding a +0 club.
You are no longer berserk.
You are exhausted.
You feel yourself slow down.
The ufetubus shouts!
You barely miss the orc wizard.
The orc wizard is almost dead.
The necrophage barely misses you.
The orc wizard hits you but does no damage.
The orc closely misses you. The necrophage closely misses you.
The orc wizard hits you with a +0 dagger.
* * * LOW HITPOINT WARNING * * *
The orc misses you.
It was a potion of curing.
You feel better. The orc hits you with a +0 short sword.
* * * LOW HITPOINT WARNING * * *
The necrophage barely misses you.
The orc wizard gestures at you while chanting.
The puff of flame hits you!
You die...
Your body rises from the dead as a mindless zombie.

############
#..........#
#..........#
#..........#
#..........#
#..........###
#......@.....##..
#.....noo..#....#
#......o.o5......
#..........#...##
#####..#.##......
#..##.# .#$#..
#..###.# .. # .
...# ... ## ###
...


You could see a necrophage, an orc wizard, 3 orcs and an ufetubus.

Vanquished Creatures
  An orc priest (D:3)
  A hound (D:5)
  Ijyb (D:3)
  Natasha (twice) (D:3)
  A howler monkey skeleton (D:4)
  2 adders (D:4)
  2 worms (D:2)
  A dart slug (D:4)
  2 orcs (D:3)
  3 bats
  3 endoplasms
  3 goblins
  4 hobgoblins
  4 jackals (D:3)
  3 kobolds
  8 ball pythons
  7 rats
48 creatures vanquished.

Vanquished Creatures (collateral kills)
  Grinder (D:3)
  An adder (D:3)
  A dart slug (D:1)
  An orc (D:3)
  An endoplasm (D:1)
  2 giant cockroaches (D:1)
  A goblin (D:1)
  A hobgoblin (D:1)
  A kobold (D:4)
  3 ball pythons (D:1)
  A frilled lizard (D:1)
  A rat (D:1)
15 creatures vanquished.

Vanquished Creatures (others)
  2 goblin zombies (D:3)
  2 adder zombies
  A felid zombie (D:3)
  3 bat zombies (D:1)
  A ball python zombie (D:1)
  2 giant cockroach zombies (D:1)
  3 jackal zombies (D:3)
  A plant (D:1)
15 creatures vanquished.

Grand Total: 78 creatures vanquished

Notes
Turn   | Place    | Note
-------+----------+-------------------------------------------
     0 | D:1      | Rikuski the Merfolk Ice Elementalist began the quest for
                  | the Orb.
     0 | D:1      | Reached XP level 1. HP: 13/13 MP: 3/3
   164 | D:1      | Found a faded altar of an unknown god.
   437 | D:1      | Prayed at the altar of an unknown god.
   437 | D:1      | Became a worshipper of Yredelemnul the Dark
   437 | D:1      | Reached * piety under Yredelemnul
   614 | D:1      | Reached XP level 2. HP: 16/19 MP: 5/5
  1049 | D:1      | Reached ** piety under Yredelemnul
  1323 | D:1      | Reached skill level 5 in Ice Magic
  2044 | D:2      | Reached XP level 3. HP: 24/24 MP: 6/6
  2805 | D:3      | Learned a level 3 spell: Frozen Ramparts
  2893 | D:3      | Noticed Ijyb
  2904 | D:3      | Killed Ijyb
  2905 | D:3      | Reached XP level 4. HP: 20/30 MP: 7/7
  3228 | D:3      | Noticed Natasha
  3239 | D:3      | Killed Natasha
  3240 | D:3      | Reached XP level 5. HP: 35/35 MP: 9/9
  3487 | D:3      | Noticed Natasha
  3522 | D:3      | Killed Natasha
  3523 | D:3      | Reached skill level 6 in Ice Magic
  3690 | D:3      | Noticed Grinder
  3706 | D:3      | Your ally Ijyb died
  3715 | D:3      | Your ally Natasha died
  3730 | D:3      | Paralysed by Grinder for 2 turns
  3730 | D:3      | Killed Grinder
  3731 | D:3      | Reached XP level 6. HP: 17/41 MP: 12/12
  4815 | D:5      | Entered Level 5 of the Dungeon
  4820 | D:5      | Noticed a necrophage
  4831 | D:5      | HP: 3/61 [orc/+0 trident (5)]
  4834 | D:5      | HP: 1/41 [orc wizard/+0 dagger (1)]
  4835 | D:5      | Killed from afar by an orc wizard

Illustrated notes

Levels and vault maps discovered:
D:1:      kennysheep_arrival_seaside, layout_loops_ring, serial_glass,
          glass_columns_b, glass_columns_a,
          hellmonk_ecumenical_altar_pennies_from_heaven, minmay_pentomino_u2
D:2:      layout_rooms
D:3:      layout_loops_cross, uniq_ijyb, uniq_natasha, uniq_grinder
D:4:      minmay_skewed_foursquare, layout_basic, minmay_misc_feat_doors
D:5:      layout_rooms, chequers_hall_statues_y, uniq_eustachio

Skill      XL: |  1  2  3  4  5 |
---------------+----------------+-----
Ice Magic      | 5 6 |  6.9
Dodging        | 3 |  3.7
Spellcasting   | 3 4 |  4.6
Stealth        | |  2.2

Action                   |  1- 3 |  4- 6 || total
-------------------------+-------+-------++-------
Melee: Unarmed           |    87 |     6 ||    93
       Punch             |     1 |       ||     1
 Cast: Freeze            |    26 |    36 ||    62
       Frozen Ramparts   |     2 |    10 ||    12
Invok: Recall Undead Har |       |     3 ||     3
  Use: Potion            |       |     2 ||     2
 Stab: Sleeping          |     2 |     1 ||     3
Armor: Robe              |    25 |     9 ||    34
Dodge: Dodged            |    69 |    41 ||   110
